 Dungeon Sprint DCSS version 0.23-a0-391-g8c51ad5 (webtiles) character file.

10 emperorscorpion the Sneak (level 2, 0/13 HPs)
             Began as a Vine Stalker Enchanter on Oct 30, 2018.
             Slain by a leopard gecko (1 damage)
             ... in the Dungeon (Sprint IX: "|||||||||||||||||||||||||||||").
             The game lasted 00:00:22 (57 turns).

emperorscorpion the Sneak (Vine Stalker Enchanter)    Turns: 57, Time: 00:00:22

Health: 0/13       AC:  2    Str: 10    XL:     2   Next: 20%
Magic:  0/6        EV: 12    Int: 15    God:
Gold:   0          SH:  0    Dex: 14    Spells: 5/6 levels left

rFire    . . .     SeeInvis .   a - +1 dagger
rCold    . . .     Gourm    .   (no shield)
rNeg     . . .     Faith    .   b - +0 robe
rPois    .         Spirit   +   (no helmet)
rElec    .         Reflect  .   (no cloak)
rCorr    .         Harm     .   (no gloves)
MR       .....     NoTele   +   (no boots)
Stlth    +++.......             (no amulet)
HPRegen  0.04/turn              (no ring)
MPRegen  0.10/turn              (no ring)

@: berserk cooldown, slowed, very slow
A: fangs 2, magic shield, antimagic bite, no potion heal 3, rot immunity
a: no special abilities


You were in the Dungeon.
You were not hungry.

You visited 1 branch

Inventory:

Hand Weapons
 a - a +1 dagger (weapon)
Armour
 b - a +0 robe (worn)
Scrolls
 j - a scroll of blinking
Potions
 e - a potion of curing
 f - a potion of heal wounds
 g - a potion of haste
 h - 2 potions of magic
Comestibles
 c - 4 chunks of flesh
 d - a ration


   Skills:
 + Level 1.2 Short Blades
 + Level 2.2 Dodging
 + Level 4.3 Stealth
 + Level 2.8 Spellcasting
 + Level 4.0 Hexes


You had 5 spell levels left.
You knew the following spells:

 Your Spells              Type           Power        Failure   Level  Hunger
a - Corona                Hex            ##.....      4%          1    #......

Your spell library contained the following spells:

 Spells                   Type           Power        Failure   Level  Hunger
 Confuse                  Hex            ##......     12%         3    ###....
 Tukima's Dance           Hex            ##......     12%         3    ###....
 Ensorcelled Hibernation  Hex/Ice        #.....       14%         2    ##.....
 Dazzling Spray           Conj/Hex       #.....       26%         3    ###....


Dungeon Overview and Level Annotations

Branches:
Dungeon (1/1)

Altars:


Innate Abilities, Weirdness & Mutations

You have extremely sharp teeth.
When hurt, damage is shared between your health and your magic reserves.
Your bite disrupts and absorbs the magic of your enemies.
Potions cannot restore your health.
You are immune to rotting.


Message History

The phantom is almost destroyed.
The leopard gecko closely misses you. The phantom misses you.
The leopard gecko barely misses you.
You barely miss the phantom.
The phantom is almost destroyed.
The phantom closely misses you. The leopard gecko barely misses you.
The phantom hits you. The leopard gecko bites you.
* * * LOW HITPOINT WARNING * * *
You closely miss the phantom. You bite the phantom, but do no damage.
The phantom is almost destroyed.
The leopard gecko closely misses you. The phantom barely misses you.
You barely miss the phantom.
The phantom is severely damaged.
The leopard gecko bites you but does no damage.
The phantom falters for a moment.
The leopard gecko barely misses you. The phantom hits you.
You hit the phantom.
The phantom is almost destroyed.
The leopard gecko bites you.
You die...

▓+▓
▓.▓
▓.▓
▓l▓
▓@▓
▓W▓
▓'▓
▓.▓
▓.▓
▓.▓
▓.▓
▓.▓
▓)▓


You could see a phantom and a leopard gecko.

Vanquished Creatures
  An orc (D)
  A giant cockroach (D)
  2 hobgoblins (D)
  3 bats (D)
  A leopard gecko zombie (D)
8 creatures vanquished.

Notes
Turn   | Place    | Note
-------+----------+-------------------------------------------
     0 | D        | emperorscorpion the Vine Stalker Enchanter began the quest
                  | for the Orb.
     0 | D        | Reached XP level 1. HP: 9/9 MP: 4/4
     9 | D        | Reached skill level 1 in Short Blades
    35 | D        | Noticed a phantom
    37 | D        | Reached XP level 2. HP: 13/13 MP: 6/6
    57 | D        | Slain by a leopard gecko

Vault maps used:
D:        linesprint

Skill      XL: |  1  2 |
---------------+-------+-----
Short Blades   | 1 |  1.2
Dodging        | 2 |  2.2
Stealth        | 4 |  4.3
Hexes          | 4 |  4.0
Spellcasting   | |  2.8

Action                   || total
-------------------------++-------
Melee: Dagger            ||    36
       Bite              ||     7
  Use: Potion            ||     1
 Stab: Sleeping          ||     1
Armor: Robe              ||     7
Dodge: Dodged            ||    26

Table legend:
 A = Non-vault XP
 B = Vault XP
 C = Vault XP percentage of total XP
 D = Non-vault monster count
 E = Vault monster count
 F = Vault count percentage of total count
                 A         B        C        D         E       F
            +---------+---------+-------+---------+---------+-------
      Total |       0 |      15 | 100.0 |       0 |       8 | 100.0
            +---------+---------+-------+---------+---------+-------
          D |       0 |      15 | 100.0 |       0 |       8 | 100.0
            +---------+---------+-------+---------+---------+-------
